 Dungeon Crawl Stone Soup version 0.30.1-3-gfc49f6343a (webtiles) character file.

Game seed: 7234398609000629296

23674 Anriel the Carver (level 12, -2/86 HPs)
             Began as a Demonspawn Gladiator on July 27, 2023.
             Was an Elder of Makhleb.
             Killed from afar by an oklob plant (28 damage)
             ... with a splash of acid
             ... on level 8 of the Dungeon.
             The game lasted 01:08:40 (11447 turns).

Anriel the Carver (Demonspawn Gladiator)           Turns: 11447, Time: 01:08:41

Health: -2/86      AC: 27    Str: 16    XL:     12   Next: 73%
Magic:  14/14      EV: 15    Int: 10    God:    Makhleb [****..]
Gold:   1062       SH:  0    Dex: 18    Spells: 11/11 levels left

rFire   + . .        q - +8 demon blade (pain)
rCold   . . .        (no shield)
rNeg    . . .        z - +2 chain mail {rF+}
rPois   +            c - +0 helmet
rElec   .            l - +1 cloak {Will+}
rCorr   .            (gloves unavailable)
SInv    .            N - +0 pair of boots
Will    +....        o - amulet of magic regeneration Stlth
                     u - +5 ring of evasion
HPRegen 0.34/turn    m - ring of poison resistance
MPRegen 0.68/turn

%: no passive effects
@: sanguine armoured
A: spiny 1, magic regeneration, sanguine armour 2, demonic touch 3, low MP 2
a: Renounce Religion, Minor Destruction, Lesser Servant of Makhleb, Major
Destruction


You were on level 8 of the Dungeon.
You worshipped Makhleb.
Makhleb was greatly pleased with you.
You visited 2 branches of the dungeon, and saw 12 of its levels.

You collected 1062 gold pieces.

Inventory:

Hand Weapons
 a - a +2 heavy spear
 n - the +9 long sword of Duty {freeze, MP+9 Int+3}
   (You took it off a deep elf pyromancer on level 7 of the Dungeon)

   Int:       It affects your intelligence (+3).
   MP:        It affects your magic capacity (+9).
 q - a +8 demon blade of pain (weapon)
 x - a +4 trident
 A - a +0 halberd
Missiles
 e - a javelin
 k - 16 boomerangs (quivered)
Armour
 c - a +0 helmet (worn)
 l - a +1 cloak of willpower (worn)
 z - a +2 chain mail of fire resistance (worn)
 N - a +0 pair of boots (worn)
Magical Staves
 E - the staff of death "Imuv" {rF+ rN+ Dex-2 SInv}
   (You found it on level 8 of the Dungeon)

   [staff of death]

   Base accuracy: +5 Base damage: 5 Base attack delay: 1.2 This weapon's minimum
   attack delay (0.6) is reached at skill level 12.
   Dex:       It affects your dexterity (-2).
   rF:        It protects you from fire.
   rN:        It protects you from negative energy.
   SInv:      It lets you see invisible.
   It falls into the 'Staves' category.
   It is a one-handed weapon.
Jewellery
 b - a ring of protection from fire
 h - a ring of resist corrosion
 m - a ring of poison resistance (right hand)
 o - an amulet of magic regeneration (around neck)
 p - a ring of positive energy
 u - a +5 ring of evasion (left hand)
 w - a ring of willpower
 y - a ring of protection from fire
Wands
 d - a wand of flame (37)
 s - a wand of digging (1)
 v - a wand of roots (6)
 B - a wand of quicksilver (3)
Scrolls
 t - a scroll of fear
 F - a scroll of amnesia
 H - a scroll of immolation
 J - a scroll of teleportation
 L - 2 scrolls of poison
Potions
 f - 2 potions of flight
 g - 2 potions of magic
 i - 2 potions of curing
 j - 2 potions of brilliance
 r - a potion of invisibility {unknown}
 D - a potion of ambrosia {unknown}
 G - 2 potions of heal wounds
 I - 2 potions of lignification {unknown}
 K - a potion of cancellation {unknown}
Miscellaneous
 C - a phial of floods
 M - a box of beasts


   Skills:
 - Level 5.6 Fighting
 * Level 9.5 Long Blades
 - Level 8.3 Polearms
 + Level 7.4 Throwing
 + Level 9.3 Armour
 - Level 6.3 Dodging
 - Level 5.0 Necromancy
 - Level 8.6 Invocations


You had 11 spell levels left.
You didn't know any spells.
Your spell library contained the following spells:

 Spells                   Type           Power      Damage    Failure   Level
 Sublimation of Blood     Necr           10%        N/A       52%         2
 Kiss of Death            Conj/Necr      20%        2d7       75%         1
 Magic Dart               Conj           0%         1d3       97%         1
 Searing Ray              Conj           0%         2d4       99%         2
 Wereblood                Tmut           0%         N/A       99%         2
 Dispel Undead            Necr           10%        3d9       99%         4
 Confusing Touch          Hex            0%         N/A       100%        3
 Ignite Poison            Fire/Tmut/Pois 0%         N/A       100%        3
 Tukima's Dance           Hex            0%         N/A       100%        3
 Fulminant Prism          Conj/Hex       0%         3d5       100%        4
 Leda's Liquefaction      Hex/Erth       0%         N/A       100%        4
 Passage of Golubria      Tloc           0%         N/A       100%        4
 Sticky Flame             Conj/Fire      0%         2d3       100%        4
 Summon Lightning Spire   Summ/Air       0%         N/A       100%        4
 Lee's Rapid Deconstruct  Erth           0%         3d4*      100%        5
 Yara's Violent Unravell  Hex/Tmut       0%         3d3       100%        5
 Statue Form              Tmut/Erth      0%         N/A       100%        6
 Storm Form               Tmut/Air       0%         N/A       100%        7
 Summon Hydra             Summ           0%         N/A       100%        7
 Ignition                 Fire           0%         3d3       100%        8
 Maxwell's Capacitive Co  Air            0%         ∞         100%        8


Dungeon Overview and Level Annotations

Branches:
Dungeon (11/15)            Temple (1/1) D:6            Lair (0/5) D:10
    Orc (0/2) D:9

Altars:
Ashenzari
Cheibriados
Dithmenos
Fedhas
Gozag
Hepliaklqana
Kikubaaqudgha
Makhleb
Nemelex Xobeh
Okawaru
Qazlal
Ru
Sif Muna
Trog
Uskayaw
Vehumet
Wu Jian
Xom
Yredelemnul

Shops:
D:11 :

Annotations:
D:8 1 transporter, exclusion: oklob plant


Innate Abilities, Weirdness & Mutations

You are partially covered in sharp spines.
You regenerate magic rapidly.
When seriously injured, your blood forms thick armour. (AC +9)
Your touch may irresistibly damage your foes and sap their willpower.
Your magical capacity is very low. (-20% MP)


Message History

The bolt of negative energy hits the two-headed ogre!!
The two-headed ogre is drained!
The two-headed ogre is moderately wounded.
You slash the orc!
You kill the orc!
Makhleb accepts your kill.
You feel better.
The centaur shoots an arrow.
The arrow hits you but does no damage.
You slash the two-headed ogre!
The two-headed ogre writhes in agony.
You touch the two-headed ogre!
You sap its willpower!
The two-headed ogre is severely wounded.
You slash the two-headed ogre!
The two-headed ogre writhes in agony.
You kill the two-headed ogre!
Makhleb accepts your kill.
You feel better.
You slash the centaur!
The centaur writhes in agony.
You touch the centaur.
You kill the centaur!
Makhleb accepts your kill.
Items here: ( ))))))) [[ ††††.
Okay, then.
You now have 1055 gold pieces (gained 21).
Things that are here:
a howler monkey corpse; a bullfrog corpse
Things that are here:
a +0 giant spiked club; a +0 giant spiked club You now have 1062 gold pieces (gained 7).
Really walk into a travel-excluded area?
The oklob plant spits acid at you. The splash of acid hits you!
The oklob plant spits acid at you. The splash of acid hits you!!
Your blood congeals into armour.
The oklob plant spits acid at you. The splash of acid hits you!!
You hit the oklob plant.
The oklob plant writhes in agony.
The oklob plant is lightly damaged.
You hit the oklob plant.
You touch the oklob plant!
You sap its willpower!
The oklob plant is moderately damaged.
The oklob plant spits acid at you. The splash of acid hits you!!
You die...

.......##8~~..††~8##..##
......##..#.###)#.~##..##
.....##..~.##.#.$...##..#
.....#.#~.##...##..#.#..##
....©#.#..#|....#..#©#©..########
.....#.#..##...##.~#.#...........
.##..##..~.##.##$...##..#########
.###..##(~#.##.$#~~##..## .#
##..##8.~....@P##..## .#
##..##...$~..##..## ##
#...##.###.##...#
#####...##.©.##..#.#
#[....#..#####...#.#
#.....##.........#.#
#.....###.....####)# # ###.....#
####### #.# # ........#
####.############


You could see an oklob plant (weak-willed).

Vanquished Creatures
  A rakshasa (D:11)
  6 two-headed ogres
  2 boulder beetles (D:11)
  2 tengu warriors (D:11)
  The ghost of ymhsbmbesitwf the Fighter, a novice MiBe of Trog (D:8)
  A skeletal warrior (D:7)
  Pikel (D:5)
  A deep elf pyromancer (D:7)
  A manticore (D:11)
  2 ugly things (D:11)
  3 kobold demonologists (D:11)
  2 komodo dragons
  A yaktaur (D:11)
  2 trolls
  A polar bear (shapeshifter) (D:11)
  4 hornets
  2 shadows
  3 wraiths
  A slime creature (D:7)
  2 vampires
  A basilisk (D:7)
  A wyvern (D:7)
  A steam dragon (D:8)
  18 yaks
  Menkaure (D:5)
  A vampire mosquito (D:8)
  An acid dragon (D:11)
  Duvessa (D:5)
  3 water moccasins
  8 orc warriors
  A sky beast (D:6)
  3 ice beasts
  A black bear (D:8)
  A boggart (D:11)
  11 centaurs
  2 ogres
  A lemure (D:5)
  3 phantoms
  4 kobold brigands
  3 gnoll sergeants
  5 bullfrogs
  9 scorpions
  4 wights (D:7)
  19 killer bees
  Dowan (D:5)
  6 howler monkeys
  6 hounds
  Crazy Yiuf (D:5)
  2 gnoll boudas
  2 sleepcaps
  6 jellies
  5 orc priests
  Ijyb (D:5)
  An iguana (D:5)
  6 orc wizards
  17 gnolls
  6 adders
  4 white imps
  3 ufetubi
  A worm (D:4)
  2 dart slugs (D:1)
  25 orcs
  10 endoplasms
  8 giant cockroaches
  5 goblins
  5 hobgoblins
  3 jackals (D:1)
  2 quokkas (D:2)
  3 ball pythons (D:4)
  6 bats
  A frilled lizard (D:2)
  6 kobolds
  5 rats
291 creatures vanquished.

Notes
Turn   | Place    | Note
-------+----------+-------------------------------------------
     0 | D:1      | Anriel the Demonspawn Gladiator began the quest for the
                  | Orb.
     0 | D:1      | Reached XP level 1. HP: 16/16 MP: 1/1
   136 | D:1      | Gained mutation: Your touch may inflict minor irresistible
                  | damage on your foes. [demonic ancestry]
   136 | D:1      | Reached XP level 2. HP: 22/22 MP: 2/2
   191 | D:1      | Found a faded altar of an unknown god.
   195 | D:1      | Reached skill level 1 in Armour
   897 | D:2      | Gained mutation: When seriously injured, your blood forms
                  | armour. (AC +9) [demonic ancestry]
   897 | D:2      | Reached XP level 3. HP: 27/27 MP: 3/3
  1083 | D:2      | Gained mutation: You are frail. (-10% HP) [potion of
                  | mutation]
  1500 | D:3      | Noticed a centaur
  1513 | D:3      | Killed a centaur
  1514 | D:3      | Gained mutation: You regenerate magic rapidly. [demonic
                  | ancestry]
  1514 | D:3      | Reached XP level 4. HP: 23/29 MP: 4/4
  1514 | D:3      | Reached XP level 5. HP: 27/34 MP: 5/5
  1918 | D:4      | Noticed an ogre
  1948 | D:4      | Killed an ogre
  1949 | D:4      | Gained mutation: When seriously injured, your blood forms
                  | thick armour. (AC +9) [demonic ancestry]
  1949 | D:4      | Reached XP level 6. HP: 24/39 MP: 6/6
  2143 | D:4      | Noticed a +0 dagger
  2144 | D:4      | Noticed a +0 dagger
  2147 | D:4      | Found a hide-covered altar of Uskayaw.
  2680 | D:5      | Entered Level 5 of the Dungeon
  2801 | D:5      | Noticed Duvessa
  2802 | D:5      | Noticed Dowan
  2813 | D:5      | Killed Duvessa
  2814 | D:5      | Reached skill level 5 in Polearms
  2814 | D:5      | Reached XP level 7. HP: 45/45 MP: 7/7
  2817 | D:5      | Killed Dowan
  2853 | D:5      | Noticed Ijyb
  2884 | D:5      | Killed Ijyb
  3216 | D:5      | Found a runed translucent door.
  3217 | D:5      | Noticed Crazy Yiuf
  3224 | D:5      | Killed Crazy Yiuf
  3455 | D:5      | Reached skill level 5 in Armour
  3456 | D:5      | Noticed Menkaure
  3469 | D:5      | Killed Menkaure
  3470 | D:5      | Gained mutation: Your touch may inflict irresistible damage
                  | on your foes. [demonic ancestry]
  3470 | D:5      | Reached XP level 8. HP: 52/54 MP: 8/8
  3844 | D:5      | Noticed Pikel
  3865 | D:5      | Killed Pikel
  3866 | D:5      | Reached skill level 5 in Fighting
  3866 | D:5      | Reached skill level 5 in Dodging
  4141 | D:6      | Found a staircase to the Ecumenical Temple.
  4152 | Temple   | Entered the Ecumenical Temple
  4246 | Temple   | Became a worshipper of Makhleb the Destroyer
  4403 | D:6      | Reached XP level 9. HP: 59/61 MP: 9/9
  4449 | D:6      | Found a runed translucent door.
  4455 | D:6      | Found a runed translucent door.
  4537 | D:6      | Reached * piety under Makhleb
  5305 | D:7      | Reached skill level 1 in Invocations
  5579 | D:7      | Noticed a two-headed ogre
  5651 | D:7      | Reached skill level 5 in Throwing
  5743 | D:7      | Killed a two-headed ogre
  5744 | D:7      | Reached skill level 5 in Invocations
  5744 | D:7      | Reached XP level 10. HP: 39/67 MP: 12/14
  5923 | D:7      | Reached ** piety under Makhleb
  6056 | D:7      | Identified the +9 long sword of Duty {freeze, MP+9 Int+3}
  6056 | D:7      | Noticed a deep elf pyromancer
  6066 | D:7      | Killed a deep elf pyromancer
  6268 | D:7      | Noticed a skeletal warrior
  6268 | D:7      | Noticed a two-headed ogre
  6389 | D:7      | Found a sacrificial altar of Ru.
  6947 | D:8      | Paralysed by a hornet for 1 turns
  6947 | D:8      | HP: 1/60 [hornet (8)]
  7091 | D:8      | Found a transporter.
  7099 | D:8      | Noticed a two-headed ogre
  7103 | D:8      | Noticed a two-headed ogre
  7107 | D:8      | Found a transporter.
  7107 | D:8      | Noticed an oklob plant
  7119 | D:8      | Noticed ymhsbmbesitwf's ghost (novice MiBe)
  7330 | D:8      | Reached skill level 1 in Long Blades
  7342 | D:8      | Reached skill level 1 in Necromancy
  7464 | D:8      | Identified the staff of death "Imuv" {rF+ rN+ Dex-2 SInv}
  7546 | D:8      | Found a shadowy altar of Dithmenos.
  7546 | D:8      | Found a snail-covered altar of Cheibriados.
  7886 | D:9      | Found a staircase to the Orcish Mines.
  8036 | D:9      | Gained mutation: You are partially covered in sharp spines.
                  | [demonic ancestry]
  8036 | D:9      | Reached XP level 11. HP: 72/72 MP: 17/17
  8220 | D:9      | Noticed a two-headed ogre
  8233 | D:9      | Killed a two-headed ogre
  8340 | D:9      | Reached *** piety under Makhleb
  8622 | D:10     | Entered Level 10 of the Dungeon
  8821 | D:10     | Found a staircase to the Lair.
  8834 | D:10     | Reached skill level 5 in Long Blades
  9459 | D:10     | Reached skill level 5 in Necromancy
  9659 | D:11     | Lost mutation: You are frail. (-10% HP) [potion of
                  | mutation]
  9659 | D:11     | Gained mutation: Your flesh is heat resistant. (rF+)
                  | [potion of mutation]
  9659 | D:11     | Gained mutation: Your magical capacity is low. (-10% MP)
                  | [potion of mutation]
  9659 | D:11     | Gained mutation: You have sharp toenails. [potion of
                  | mutation]
  9660 | D:11     | Lost mutation: Your flesh is heat resistant. (rF+) [potion
                  | of mutation]
  9660 | D:11     | Lost mutation: You have sharp toenails. [potion of
                  | mutation]
  9660 | D:11     | Gained mutation: Your magical capacity is very low. (-20%
                  | MP) [potion of mutation]
  9735 | D:11     | Found Uralulad's Tiny Tomes.
  9770 | D:11     | Found a stormy altar of Qazlal.
  9994 | D:11     | Reached **** piety under Makhleb
 10096 | D:11     | Noticed a rakshasa
 10112 | D:11     | Noticed a tengu warrior
 10131 | D:11     | Killed a rakshasa
 10132 | D:11     | Gained mutation: Your touch may irresistibly damage your
                  | foes and sap their willpower. [demonic ancestry]
 10132 | D:11     | Reached XP level 12. HP: 57/86 MP: 14/14
 10137 | D:11     | Killed a tengu warrior
 10151 | D:11     | Noticed a boulder beetle
 10158 | D:11     | Killed a boulder beetle
 10181 | D:11     | Noticed a tengu warrior
 10182 | D:11     | Noticed a boulder beetle
 10190 | D:11     | Killed a tengu warrior
 10200 | D:11     | Killed a boulder beetle
 10661 | D:11     | Noticed a two-headed ogre
 10669 | D:11     | Killed a two-headed ogre
 10752 | D:11     | Paralysed by a hornet for 2 turns
 11018 | D:7      | Killed a two-headed ogre
 11377 | D:8      | Killed a two-headed ogre
 11424 | D:8      | Killed ymhsbmbesitwf's ghost
 11428 | D:8      | Killed a two-headed ogre
 11447 | D:8      | Killed from afar by an oklob plant

Illustrated notes

Levels and vault maps discovered:
D:1:      matt_arrival_grand_opening, layout_basic,
          hellmonk_ecumenical_altar_arch_garden, chequers_big_river
D:2:      layout_rooms
D:3:      layout_rooms, elyvilon_altar_3
D:4:      layout_cave_pods, dancing_weapons_uskayaw
D:5:      layout_loops_corners, kennysheep_big_empty_room,
          kennysheep_generic_room_15, uniq_duvessa, uniq_menkaure, uniq_pikel,
          uniq_ijyb, uniq_crazy_yiuf_cottage
D:6:      lemuel_insect_pit, layout_basic, minmay_temple_entry_large_hall
D:7:      minmay_the_grid_octo_2x2 [minmay_the_grid_octo_pinwheel,
          minmay_the_grid_octo_teeth, minmay_the_grid_octo_toaster,
          minmay_the_grid_octo_prize_single_spiral], layout_gridville,
          nicolae_ru_the_path_less_chosen
D:8:      layout_basic, gammafunk_temple_overflow_claw, nzn_ghost_randoct,
          chequers_jeans
D:9:      layout_irregular_city, david_orc_3
D:10:     layout_long_grid, david_lair_shrubbed, st_stairs_3
D:11:     hangedman_cross_veins, layout_long_grid,
          nicolae_shop_i_like_small_books_too, grunt_qazlal_sundering
Temple:   nicolae_temple_slightly_damp_pantheon

Skill      XL: |  1  2  3  4  5  6  7  8  9 10 11 12 |
---------------+-------------------------------------+-----
Polearms       | 3 4 5 7 8 |  8.3
Armour         | 1 2 3 4 5 6 8 9 |  9.3
Dodging        | 3 4 5 6 |  6.3
Fighting       | 3 5 |  5.6
Throwing       | 3 5 6 7 |  7.4
Invocations    | 5 8 |  8.6
Long Blades    | 3 7 9 |  9.5
Necromancy     | 2 5 |  5.0

Action                     |  1- 3 |  4- 6 |  7- 9 | 10-12 || total
---------------------------+-------+-------+-------+-------++-------
  Melee: Trident           |   116 |    93 |   293 |    22 ||   524
         Touch             |     8 |    12 |    57 |    80 ||   157
         Punch             |     2 |       |     2 |     5 ||     9
         Halberd           |       |       |    77 |   161 ||   238
         Demon blade       |       |       |       |   378 ||   378
  Throw: Throwing net      |       |     3 |     3 |       ||     6
         Boomerang         |       |     1 |     4 |    68 ||    73
         Javelin           |       |       |     3 |       ||     3
 Invoke: Minor Destruction |       |       |       |    38 ||    38
         Major Destruction |       |       |       |     8 ||     8
  Evoke: Wand              |       |       |       |     5 ||     5
    Use: Scroll            |     5 |     3 |     5 |    13 ||    26
         Potion            |     4 |     1 |     5 |     8 ||    18
   Stab: Held in net/web   |       |     1 |       |       ||     1
 Armour: Chain mail        |    57 |    33 |   184 |   265 ||   539
  Dodge: Dodged            |    24 |    30 |   324 |   496 ||   874
